AoeStats
← darador86

Arena

507185241Analyzed
4v4 RM · 17d ago on Sep 17, 2026· 99m 48s· 8 players
Game mode
Random Map
Map size
Large (8 player)
Population
200
Speed
Normal
Resources
Standard
Victory
Conquest
Starting age
Dark Age
Ending age
Imperial Age
RankedLock teamsTeams togetherTeam positionsShared explorationLock speedFull tech treeHidden civsTurbo modeCheats
Victory
Defeat
🇺🇸 Portuguese · United States
747
+17
🇺🇸 Britons · United States
733
+17
🇺🇸 Mongols · United States
710
+18
🇧🇷 Byzantines · Brazil
706
+18
🇺🇸 Goths · United States
831
-21
800
-19
🇮🇹 Turks · Italy
753
-26
🇦🇷 Huns · Argentina
653
-13
Tayssa09
11:17 Feudal Age
12:40 Double-Bit Axe
18:54 Castle Age
17:19 Double-Bit Axe
18:14 Horse Collar
22:31 Heavy Plow
25:49 Wheelbarrow
25:49 Bow Saw
30:01 Imperial Age
28:01 Gold Mining
29:16 Hand Cart
29:24 Caravan
32:10 Chemistry
37:17 Heavy Camel Rider
39:46 Onager
43:59 Ballistics
46:19 Elite Cataphract
48:41 Gold Shaft Mining
52:01 Scale Barding Armor
52:08 Forging
Chuckles19861
13:40 Feudal Age
17:51 Castle Age
15:45 Double-Bit Axe
16:35 Horse Collar
16:49 Stone Mining
17:08 Gold Mining
19:15 Bow Saw
19:15 Heavy Plow
20:51 Wheelbarrow
22:52 Caravan
24:08 Hand Cart
25:02 Loom
27:24 Stone Shaft Mining
32:01 Imperial Age
33:50 Chemistry
33:56 Pikeman
35:10 Crop Rotation
35:44 Two-Man Saw
35:04 Elite Organ Gun
35:57 Halberdier
36:59 Conscription
44:37 Padded Archer Armor
44:28 Fletching
44:38 Scale Mail Armor
44:49 Forging
48:07 Arquebus
63:05 Leather Archer Armor
62:46 Bodkin Arrow
63:06 Chain Mail Armor
63:27 Iron Casting
67:53 Ring Archer Armor
67:24 Bracer
67:54 Plate Mail Armor
68:25 Blast Furnace
99:15 Spies/Treason
Chilies
11:31 Feudal Age
12:06 Double-Bit Axe
13:01 Loom
17:14 Horse Collar
24:59 Castle Age
23:46 Fletching
24:45 Padded Archer Armor
26:56 Bodkin Arrow
28:06 Wheelbarrow
27:46 Gold Mining
30:57 Heavy Plow
33:29 Bow Saw
36:09 Yeomen
36:37 Ballistics
41:44 Imperial Age
41:21 Masonry
43:47 Bracer
44:02 Leather Archer Armor
44:53 Chemistry
44:46 Murder Holes
Kevin FZ3252
9:51 Feudal Age
15:12 Castle Age
14:22 Double-Bit Axe
20:43 Horse Collar
22:54 Wheelbarrow
26:14 Stone Mining
28:05 Stone Shaft Mining
28:09 Gold Mining
31:17 Gold Shaft Mining
31:12 Husbandry
33:21 Hand Cart
35:39 Imperial Age
35:16 Padded Archer Armor
35:08 Fletching
35:25 Scale Barding Armor
35:30 Forging
35:30 Thumb Ring
35:48 Bloodlines
35:58 Onager
35:59 Capped Ram
36:34 Heavy Camel Rider
36:37 Light Cavalry
36:56 Siege Ram
37:00 Siege Onager
37:07 Elite Mangudai
38:33 Bow Saw
38:29 Heavy Plow
39:19 Drill
39:20 Conscription
38:29 Hussar
40:56 Chemistry
40:17 Ballistics
41:16 Leather Archer Armor
40:57 Bodkin Arrow
41:24 Chain Barding Armor
41:40 Iron Casting
43:16 Squires
43:02 Arson
42:38 Pikeman
55:09 Caravan
57:06 Man-at-Arms
58:09 Long Swordsman
59:44 Two-Handed Swordsman
61:36 Blast Furnace
61:23 Champion
64:01 Scale Mail Armor
71:10 Chain Mail Armor
70:57 Bracer
83:33 Plate Mail Armor
Lost My Scout
0:34 Loom
14:41 Feudal Age
14:54 Man-at-Arms
15:20 Horse Collar
15:42 Double-Bit Axe
16:14 Gold Mining
23:51 Castle Age
22:19 Fletching
22:30 Scale Mail Armor
24:34 Forging
25:09 Stone Mining
24:46 Pikeman
25:26 Squires
24:49 Long Swordsman
26:13 Wheelbarrow
25:51 Town Watch
28:15 Hand Cart
29:53 Stone Shaft Mining
29:24 Heavy Plow
29:53 Bow Saw
30:38 Town Patrol
34:46 Imperial Age
33:15 Bodkin Arrow
33:56 Iron Casting
33:38 Chain Mail Armor
33:22 Herbal Medicine
33:30 Devotion
34:06 Ballistics
33:59 Masonry
33:52 Murder Holes
34:41 Anarchy
35:52 Conscription
37:27 Crop Rotation
38:32 Blast Furnace
37:33 Bracer
38:38 Chemistry
38:09 Architecture
39:19 Perfusion
40:29 Elite Huskarl
41:41 Halberdier
76:00 Two-Man Saw
𝓥𝓮𝓷𝓽𝓾𝓼
2:19 Loom
13:07 Feudal Age
13:36 Double-Bit Axe
13:34 Horse Collar
18:55 Castle Age
22:12 Bow Saw
22:39 Scale Mail Armor
26:47 Husbandry
26:58 Bloodlines
27:06 Bloodlines
27:47 Wheelbarrow
27:53 Wheelbarrow
28:06 Scale Barding Armor
28:12 Forging
28:22 Chain Mail Armor
28:04 Gold Mining
29:44 Chain Barding Armor
30:59 Heavy Plow
32:06 Iron Casting
31:54 Hand Cart
32:00 Masonry
32:11 Fortified Wall
32:15 Masonry
36:21 Imperial Age
33:56 Padded Archer Armor
33:46 Fletching
35:09 Caravan
38:34 Two-Man Saw
36:58 Heavy Camel Rider
38:27 Plate Mail Armor
40:05 Plate Barding Armor
40:32 Blast Furnace
40:37 Bodkin Arrow
40:59 Leather Archer Armor
56:48 Gold Shaft Mining
56:04 Stone Mining
78:26 Onager
81:23 Capped Ram
82:30 Siege Ram
Devislesick
0:33 Loom
15:19 Feudal Age
25:37 Castle Age
26:47 Gold Mining
29:52 Double-Bit Axe
29:49 Horse Collar
43:12 Imperial Age
68:26 Man-at-Arms
69:28 Long Swordsman
71:26 Two-Handed Swordsman
76:25 Forging
76:16 Scale Mail Armor
78:02 Iron Casting
darador86
12:53 Feudal Age
13:26 Horse Collar
13:32 Double-Bit Axe
13:40 Gold Mining
13:40 Stone Mining
20:16 Castle Age
18:54 Fletching
19:05 Padded Archer Armor
21:24 Pikeman
22:12 Husbandry
24:08 Crossbowman
25:00 Squires
27:14 Gold Shaft Mining
26:41 Heavy Plow
27:29 Ballistics
28:42 Wheelbarrow
27:53 Town Watch
28:08 Murder Holes
28:24 Masonry
33:23 Imperial Age
30:55 Town Patrol
31:11 Hand Cart
32:39 Marauders
34:05 Elite Tarkan
36:51 Parthian Tactics
35:49 Heavy Cavalry Archer
38:12 Bloodlines
41:40 Cavalier
43:37 Chemistry
49:20 Caravan
49:39 Thumb Ring
63:21 Elite Skirmisher
80:00 Guilds
87:03 Paladin
Connection lost

Rejoining the realm…

Still unreachable

The connection could not be restored.

Session expired

The server has moved on; the page needs a fresh start.